 Dungeon Crawl Stone Soup version 0.31.0-32-g396128a36d (webtiles) character file.

Game seed: 12610252531186153700

11149 chippings the Reanimator (level 11, -4/94 HPs)
             Began as a Yellow Draconian Wanderer on Mar 22, 2024.
             Was a Follower of Yredelemnul.
             Slain by a warg (14 damage)
             ... on level 2 of the Orcish Mines.
             The game lasted 00:38:49 (9213 turns).

chippings the Reanimator (DrWn)                     Turns: 9213, Time: 00:38:50

Health: -4/94      AC: 10    Str: 13    XL:     11   Next: 45%
Magic:  9/18       EV: 11    Int: 15    God:    Yredelemnul [*.....]
Gold:   393        SH:  0    Dex: 14    Spells: 8/20 levels left

rFire   . . .        z - +2 great mace (protect)
rCold   . . .        (shield currently unavailable)
rNeg    . . .        (body armour unavailable)
rPois   .            (helmet restricted)
rElec   .            B - +0 cloak
rCorr   +            y - +0 pair of gloves
SInv    .            q - +0 pair of boots
Will    .....        r - amulet of regeneration
Stlth   ++           (no ring)
HPRegen 1.15/turn    (no ring)
MPRegen 0.16/turn

%: no passive effects
@: no status effects
A: spit acid, AC +7, unfitting armour, cold-blooded, acid resistance
a: Breathe Acid, Renounce Religion, Recall Undead Harvest


You were on level 2 of the Orcish Mines.
You worshipped Yredelemnul.
Yredelemnul was noncommittal.
You visited 3 branches of the dungeon, and saw 13 of its levels.
You also visited: Sewer, Ossuary and Bailey.

You collected 860 gold pieces.
You spent 467 gold pieces at shops.

Inventory:

Hand Weapons
 z - a +2 great mace of protection (weapon)
Missiles
 l - 10 silver javelins (quivered)
 o - a throwing net
Armour
 q - a +0 pair of boots (worn)
 y - a +0 pair of gloves (worn)
 B - a +0 cloak (worn)
Jewellery
 d - an amulet of reflection
 r - an amulet of regeneration (around neck)
 I - a ring of protection from cold
Wands
 a - a wand of paralysis (21)
 E - a wand of flame (9)
 G - a wand of mindburst (7)
 J - a wand of roots (11)
Scrolls
 c - 3 scrolls of fear
 e - a scroll of revelation
 j - 3 scrolls of fog
 k - a scroll of amnesia
 t - 2 scrolls of poison
 v - 3 scrolls of blinking
 w - 4 scrolls of enchant armour
 C - a scroll of vulnerability
 D - 2 scrolls of silence
 K - a scroll of noise
 L - 2 scrolls of butterflies
 M - 3 scrolls of teleportation
 N - 2 scrolls of immolation {unknown}
 O - a scroll of acquirement
Potions
 b - 5 potions of enlightenment
 f - 2 potions of lignification
 g - 2 potions of heal wounds
 h - 7 potions of curing
 i - 2 potions of brilliance
 m - a potion of berserk rage
 n - a potion of ambrosia
 p - 3 potions of haste
 s - 2 potions of attraction {unknown}
 u - 2 potions of might
 x - 2 potions of invisibility
 A - 3 potions of mutation
 F - a potion of cancellation
 H - 2 potions of magic


   Skills:
 - Level 8.0 Fighting
 + Level 8.4 Maces & Flails
 - Level 1.0 Dodging
 + Level 3.6 Stealth
 - Level 2.0 Shields
 - Level 5.0 Spellcasting
 - Level 4.0 Conjurations
 + Level 4.2 Hexes
 + Level 0.2 Summonings
 + Level 9.0 Necromancy
 + Level 7.9 Invocations
 + Level 2.3 Evocations


You had 8 spell levels left.
You knew the following spells:

 Your Spells              Type           Power      Damage    Failure   Level
a - Martyr's Knell        Necr/Summ      17%        N/A       24%         4
b - Kiss of Death         Conj/Necr      92%        2d12      1%          1
c - Vampiric Draining     Necr           30%        2d8       1%          3
d - Anguish               Hex/Necr       11%        N/A       11%         4

Your spell library contained the following spells:

 Spells                   Type           Power      Damage    Failure   Level
 Necrotise                Necr           100%       1d9       1%          1
 Shock                    Conj/Air       36%        1d5       7%          1
 Sigil of Binding         Hex            16%        N/A       9%          3
 Curse of Agony           Necr           30%        N/A       11%         5
 Summon Small Mammal      Summ           16%        N/A       14%         1
 Call Canine Familiar     Summ           4%         N/A       41%         3
 Frozen Ramparts          Ice            6%         1d1       43%         3
 Swiftness                Air            3%         N/A       43%         3
 Dimensional Bullseye     Hex/Tloc       5%         N/A       56%         4
 Summon Blazeheart Golem  Fire/Summ      4%         N/A       83%         4
 Airstrike                Air            1%         2d(1-17)  85%         4
 Leda's Liquefaction      Alch/Erth      1%         N/A       85%         4
 Petrify                  Alch/Erth      3%         N/A       85%         4
 Metabolic Englaciation   Hex/Ice        5%         N/A       88%         5
 Haunt                    Necr/Summ      8%         N/A       100%        7
 Infestation              Necr           15%        N/A       100%        8
 Animate Dead             Necr           Unusable   N/A       N/A         4

Dungeon Overview and Level Annotations

Branches:
Dungeon (10/15)            Temple (1/1) D:5             Orc (2/2) D:10
  Sewer (visited)         Ossuary (visited)          Bailey (visited)
   Lair: D:8-11         Elf: Orc:2

Altars:
Ashenzari
Cheibriados
Dithmenos
Elyvilon
Fedhas
Gozag
Hepliaklqana
Kikubaaqudgha
Makhleb
Nemelex Xobeh
Okawaru
Qazlal
Ru
Sif Muna
Trog
Uskayaw
Vehumet
Wu Jian
Xom
Yredelemnul
Zin
The Shining One

Shops:
D:4 (?[[   D:8 *   D:9 ***   Orc:1 *

Annotations:
D:4 1 runed translucent door, Crazy Yiuf
D:9 1 runed translucent door, Lhightning's ghost, novice HOFi
Orc:1 4 runed translucent doors, Kaxaet's ghost, journeyman MfAl


Innate Abilities, Weirdness & Mutations

You can spit globs of acid.
Your golden yellow scales are hard. (AC +7)
You cannot fit into any form of body armour.
You are cold-blooded and may be slowed by cold attacks.
You are resistant to acid. (rCorr)


Message History

Aiming: Fastroot
Press: ? - help, Shift-Dir - straight line, p - warg The roots erupt in riotous growth!
Roots grab something.
Roots grab the orc.
Roots grab the orc warrior.
Roots grab the orc.
The grasping roots constrict the orc!
You kill the orc!
The grasping roots constrict something.
The grasping roots constrict the orc.
The grasping roots constrict the orc warrior.
You hear a shout!
The dead are walking!
Your orc zombie misses the warg.
Your ogre zombie hits the orc!
The orc dies!
The warg bites you!
* * * LOW HITPOINT WARNING * * *
The orc warrior hits you but does no damage.
You hear some strange, mumbled words.
Something tries to affect you, but you resist.
The orc wizard gestures at you while chanting.
The magic dart hits something.
As you read the scroll of fear, it crumbles to dust.
You assume a fearsome visage.
The warg looks frightened!
The orc warrior looks frightened!
The orc looks frightened!
The orc priest looks frightened!
The orc wizard resists with some effort.
The grasping roots constrict something!
The grasping roots constrict the orc warrior.
Your orc zombie hits the warg but does no damage.
Your orc zombie's attack snaps the warg out of its fear.
The orc warrior hits your ogre zombie with a +0 trident!!
The orc warrior is wracked by anguish!!
The orc warrior dies!
Unknown command.
You closely miss the warg.
The warg is moderately wounded.
The grasping roots constrict something!
Reactivating autopickup.
You feel a bit more experienced.
The dead are walking!
The warg bites you!
You die...
Your body rises from the dead as a mindless zombie.

#......
#.......
#......#
###......#
###.....o.#
#.)<.o...#
###.ZZ)o###
#.h))...##.
##)@Z......
###..Z....
.##.... ##
... .#


You could see a warg (ally target), an orc priest (fleeing), an orc wizard, an
orc (fleeing), 2 friendly orc zombies, a friendly orc wizard zombie and a
friendly ogre zombie.

Vanquished Creatures
  A two-headed ogre (D:9)
  2 orc knights (Bailey)
  Joseph (D:7)
  Jeremiah (D:8)
  A kobold demonologist (Bailey)
  A shadow (D:10)
  2 wyverns
  3 vampire mosquitoes
  2 water moccasins (D:5)
  2 sky beasts
  8 orc warriors
  2 ogres (D:7)
  7 centaurs
  A kobold brigand (D:10)
  A bullfrog (D:6)
  A scorpion (D:6)
  4 water moccasin zombies (Ossuary)
  2 wights (D:7)
  A burial acolyte (Ossuary)
  11 killer bees
  10 howler monkeys
  3 bombardier beetles (D:4)
  2 electric eels (Bailey)
  3 jellies
  5 orc priests
  3 hounds
  A gnoll bouda (D:6)
  A sleepcap (D:5)
  2 iguanas
  6 orc wizards
  3 crocodile zombies (Ossuary)
  2 mummies (Ossuary)
  Robin (D:4)
  10 gnolls
  7 adders
  A river rat (Sewer)
  3 shadow imps
  An ufetubus (D:6)
  3 adder zombies (Ossuary)
  6 dart slugs
  3 ribbon worms
  27 orcs
  12 ball pythons
  7 endoplasms
  4 giant cockroaches
  29 goblins
  15 hobgoblins
  5 jackals (D:1)
  16 kobolds
  7 quokkas
  8 bats
  4 frilled lizards
  12 gnoll zombies (Ossuary)
  2 jackal zombies (Ossuary)
  3 orc zombies (Ossuary)
  11 rats
292 creatures vanquished.

Vanquished Creatures (collateral kills)
  A two-headed ogre (D:9)
  A kobold demonologist (Bailey)
  A troll (Orc:1)
  2 acid dragons
  An orc warrior (Bailey)
  An ogre (Orc:1)
  A kobold brigand (D:5)
  A wight (D:7)
  4 killer bees
  A howler monkey (D:7)
  A hound (D:5)
  2 orc priests (D:9)
  2 orc wizards
  A white imp (D:5)
  An ufetubus (D:6)
  9 orcs
  2 hobgoblins
  2 bats (D:6)
  5 kobolds
39 creatures vanquished.

Vanquished Creatures (others)
  3 trolls
  A spectral orc (Bailey)
  A wyvern (D:10)
  A two-headed ogre zombie (D:9)
  6 orc warriors
  An ogre (Orc:2)
  A kobold brigand (D:10)
  A wyvern zombie (D:10)
  5 centaur zombies
  An orc wizard (Orc:1)
  A scorpion zombie (D:6)
  8 killer bee zombies
  A hound zombie (D:7)
  A spectral shadow imp (D:6)
  An orc (Orc:1)
  2 bat zombies (D:6)
  2 gnoll zombies (Bailey)
  A goblin (Bailey)
  3 goblin zombies (Bailey)
  2 hobgoblin zombies (Bailey)
  A kobold zombie (D:10)
  14 orc zombies
58 creatures vanquished.

Grand Total: 389 creatures vanquished

Notes
Turn   | Place    | Note
-------+----------+-------------------------------------------
     0 | D:1      | chippings the Draconian Wanderer began the quest for the
                  | Orb.
     0 | D:1      | chippings set off with the following items: a +0 mace, a +0
                  | buckler, a scroll of fear; and the following spells
                  | available to memorise: Necrotise, Kiss of Death, Anguish.
     0 | D:1      | Reached XP level 1. HP: 16/16 MP: 3/3
     3 | D:1      | Learned a level 1 spell: Necrotise
     5 | D:1      | Learned a level 1 spell: Kiss of Death
   212 | D:1      | Reached XP level 2. HP: 22/23 MP: 5/5
   293 | D:1      | Found a faded altar of an unknown god.
   379 | D:1      | Reached XP level 3. HP: 19/29 MP: 4/6
   660 | D:2      | Reached XP level 4. HP: 34/35 MP: 7/7
   951 | D:2      | Found a hide-covered altar of Uskayaw.
  1254 | D:3      | Found a shadowy altar of Dithmenos.
  1410 | D:3      | Found a hide-covered altar of Uskayaw.
  1524 | D:3      | Reached skill level 1 in Conjurations
  1524 | D:3      | Reached XP level 5. HP: 40/44 MP: 6/9
  1703 | D:4      | Found a sand-covered staircase.
  1728 | D:4      | Reached skill level 4 in Necromancy
  1764 | Ossuary  | Entered an ossuary
  1836 | Ossuary  | Reached XP level 6. HP: 42/42 MP: 10/10
  2004 | Ossuary  | Your scales start taking on a golden yellow colour.
  2004 | Ossuary  | Reached XP level 7. HP: 55/58 MP: 12/12
  2004 | Ossuary  | Gained mutation: You are resistant to acid. (rCorr) [Yellow
                  | Draconian growth]
  2266 | D:4      | Noticed Robin
  2314 | D:4      | Killed Robin
  2400 | D:4      | Found Raicrasece's Weapon Shoppe.
  2410 | D:4      | Bought a +0 great mace of protection for 107 gold pieces
  2431 | D:4      | Found Fuir's Magic Scroll Shoppe.
  2442 | D:4      | Bought a scroll of enchant weapon for 97 gold pieces
  2777 | D:4      | Found a blossoming altar of Fedhas.
  2815 | D:4      | Found Deokag's Antique Armour Emporium.
  2899 | D:4      | Found a runed translucent door.
  2900 | D:4      | Noticed Crazy Yiuf
  2985 | D:4      | Found Coara's Armour Shop.
  3040 | D:4      | Learned a level 4 spell: Animate Dead
  3062 | D:4      | Found an opulent altar of Gozag.
  3070 | D:4      | Found a radiant altar of Vehumet.
  3198 | D:5      | Entered Level 5 of the Dungeon
  3293 | D:5      | Found a glowing drain.
  3308 | Sewer    | Entered a sewer
  3486 | D:5      | Reached skill level 5 in Necromancy
  3567 | D:5      | Found a staircase to the Ecumenical Temple.
  3582 | Temple   | Entered the Ecumenical Temple
  3620 | Temple   | Became a worshipper of Yredelemnul the Dark
  3747 | D:5      | Reached XP level 8. HP: 44/60 MP: 14/14
  3768 | D:5      | Reached * piety under Yredelemnul
  3784 | D:5      | Reached ** piety under Yredelemnul
  4069 | D:5      | Reached skill level 5 in Fighting
  4439 | D:5      | Reached skill level 1 in Invocations
  4483 | D:5      | Learned a level 4 spell: Anguish
  4579 | D:6      | Reached skill level 5 in Spellcasting
  4626 | D:6      | Reached skill level 5 in Maces & Flails
  4766 | D:6      | Reached skill level 6 in Necromancy
  5081 | D:7      | Found a stormy altar of Qazlal.
  5108 | D:7      | Reached XP level 9. HP: 61/75 MP: 16/16
  5143 | D:7      | Found a hazy altar of Hepliaklqana.
  5590 | D:7      | Noticed Joseph
  5607 | D:7      | Killed Joseph
  5622 | D:7      | Reached skill level 7 in Necromancy
  5930 | D:8      | Reached skill level 5 in Invocations
  6070 | D:8      | Identified the +5 quarterstaff of the New World {heavy,
                  | Will+ MP-9 Dex+3}
  6137 | D:8      | Found a snail-covered altar of Cheibriados.
  6143 | D:8      | Noticed Jeremiah
  6160 | D:8      | Killed Jeremiah
  6228 | D:8      | Found Kenuqag's Demolitions Depot.
  6382 | D:8      | Reached XP level 10. HP: 55/73 MP: 17/17
  6825 | D:9      | Noticed a two-headed ogre
  6838 | D:9      | Killed a two-headed ogre
  6839 | D:9      | Reached skill level 1 in Hexes
  6883 | D:9      | Found Xiykk's Assorted Antiques.
  6891 | D:9      | Bought a scroll labelled LEJESE SIGEIVY for 29 gold pieces
  6891 | D:9      | Bought a scroll labelled XUFRAAKUIZ for 29 gold pieces
  6891 | D:9      | Bought 2 bubbling dark potions for 52 gold pieces
  6921 | D:9      | Found Miuwuaph's Specific Store.
  6922 | D:9      | Found Hanup's General Store.
  6935 | D:9      | Bought a scroll of teleportation for 51 gold pieces
  6935 | D:9      | Bought a scroll of butterflies for 68 gold pieces
  6935 | D:9      | Bought a scroll of identify for 34 gold pieces
  7031 | D:9      | Noticed Lhightning's ghost (novice HOFi)
  7032 | D:9      | Found a runed translucent door.
  7039 | D:9      | Noticed a two-headed ogre
  7045 | D:9      | Killed a two-headed ogre
  7046 | D:9      | Reached *** piety under Yredelemnul
  7046 | D:9      | Reached skill level 8 in Necromancy
  7290 | D:10     | Entered Level 10 of the Dungeon
  7385 | D:10     | Found a flagged portal.
  7410 | Bailey   | Entered a bailey
  7429 | Bailey   | Reached skill level 1 in Stealth
  7484 | Bailey   | Noticed an orc knight
  7536 | Bailey   | Killed an orc knight
  7572 | Bailey   | Noticed an orc knight
  7596 | Bailey   | Killed an orc knight
  7602 | Bailey   | Reached XP level 11. HP: 23/94 MP: 18/18
  7691 | Bailey   | Found an iron altar of Okawaru.
  7750 | Bailey   | Identified the +9 plate armour of Resourcefulness {Str+3
                  | Stlth-}
  7962 | Bailey   | Reached skill level 1 in Evocations
  8201 | D:10     | Found a staircase to the Orcish Mines.
  8580 | Orc:1    | Entered Level 1 of the Orcish Mines
  8870 | Orc:1    | Reached skill level 9 in Necromancy
  8888 | Orc:1    | Learned a level 4 spell: Martyr's Knell
  8894 | Orc:1    | Learned a level 3 spell: Vampiric Draining
  9007 | Orc:1    | Found a runed translucent gate.
  9007 | Orc:1    | Found a runed translucent gate.
  9007 | Orc:1    | Found a runed translucent gate.
  9009 | Orc:1    | Found an opulent altar of Gozag.
  9009 | Orc:1    | Noticed an orc knight
  9012 | Orc:1    | Noticed Kaxaet's ghost (journeyman MfAl)
  9013 | Orc:1    | Found Pamiucroygh's Assorted Antiques.
  9073 | Orc:1    | Found a runed translucent door.
  9075 | Orc:1    | Noticed a balrug
  9196 | Orc:2    | Entered Level 2 of the Orcish Mines
  9213 | Orc:2    | Slain by a warg

Illustrated notes

Levels and vault maps discovered:
D:1:      nagdon_arrival_double_spiral, layout_basic,
          hellmonk_ecumenical_altar_slurped_away
D:2:      layout_loops_ring, basic_altar, hangedman_decor_growths,
          minmay_diced_spiral
D:3:      layout_rooms, nicolae_dithmenos_through_a_glass_darkly,
          mainiacjoe_overflow_alcove_2, nicolae_titane
D:4:      layout_loops_corners, fedhas_altar_4, minitemple,
          nicolae_ossuary_entry_monument, serial_shops, shop,
          nicolae_shop_waterfront, shop, nicolae_shop_window_shopping,
          uniq_robin, uniq_crazy_yiuf_cottage
D:5:      layout_loops_cross, minmay_temple_entry_overgrown, serial_rivers,
          chequers_serial_rivers_large_b, chequers_serial_rivers_small_3,
          chequers_serial_rivers_small_a, chequers_serial_rivers_small_a,
          chequers_serial_rivers_large_a, cheibrodos_sewer_entry_drain
D:6:      layout_cave_pools, roderic_batcave, dk_noncrumbling_2
D:7:      layout_loops_ring, grunt_qazlal_sundering, kennysheep_mini,
          uniq_joseph
D:8:      layout_loops_ring, nicolae_overflow_crystal_walls,
          nicolae_blasting_shop, uniq_jeremiah
D:9:      layout_rooms, hellmonk_ghost_happy_afterlife, serial_shops, shop,
          nicolae_specific_store
D:10:     layout_big_octagon, orc_0_dummy, enter_bailey_2,
          minmay_splitting_lines, kennysheep_dice
Temple:   eino_temple_lava
Orc:1:    dreamdust_dug_too_deep, layout_caves, ebering_ghost_gozag, uniq_sonja
Orc:2:    grunt_orc_tribal_feast, layout_diamond_mine, basic_altar,
          serial_shops, nicolae_shop_bloodbath_and_beyond

Skill      XL: |  1  2  3  4  5  6  7  8  9 10 11 |
---------------+----------------------------------+-----
Fighting       | 2 3 4 5 7 8 |  8.0
Maces & Flails | 2 3 4 5 6 7 8 |  8.4
Conjurations   | 1 2 3 4 |  4.0
Spellcasting   | 3 4 5 |  5.0
Necromancy     | 4 5 6 7 8 9 |  9.0
Invocations    | 3 5 7 |  7.9
Hexes          | 3 4 |  4.2
Stealth        | 2 3 |  3.6
Evocations     | 2 |  2.3
Dodging        | |  1.0
Shields        | |  2.0
Summonings     | |  0.2

Action                     |  1- 3 |  4- 6 |  7- 9 | 10-12 || total
---------------------------+-------+-------+-------+-------++-------
  Melee: Mace              |   106 |   261 |    99 |       ||   466
         Tailslap          |    18 |    35 |    61 |    43 ||   157
         Great mace        |       |       |   386 |   299 ||   685
   Cast: Necrotise         |    12 |    18 |    14 |       ||    44
         Kiss of Death     |     1 |     2 |     5 |       ||     8
         Anguish           |       |       |       |    14 ||    14
         Vampiric Draining |       |       |       |     1 ||     1
 Invoke: Recall Undead Har |       |       |     4 |       ||     4
         Dark Bargain      |       |       |     1 |       ||     1
Ability: Breathe Acid      |       |       |     3 |       ||     3
  Evoke: Wand              |       |       |       |    16 ||    16
    Use: Scroll            |       |     1 |     2 |    18 ||    21
         Potion            |       |       |       |     8 ||     8
   Stab: Sleeping          |     2 |     1 |     3 |     3 ||     9
         Distracted        |       |     1 |     2 |     3 ||     6
         Invisible         |       |       |       |     4 ||     4
 Armour: Skin              |    72 |   132 |   506 |   475 ||  1185
  Dodge: Dodged            |    64 |   149 |   333 |   308 ||   854
  Block: Buckler           |    29 |    48 |    23 |       ||   100
